 Dungeon Crawl Stone Soup version 0.25.0-26-g0c896c7088 (webtiles) character file.

Game seed: 16366317859081306078

109 Descartes the Sneak (level 4, -11/23 HPs)
             Began as a Spriggan Wanderer on July 4, 2020.
             Mangled by a thrashing horror (17 damage)
             ... on level 1 of the Abyss.
             The game lasted 00:06:32 (3379 turns).

Descartes the Sneak (Spriggan Wanderer)             Turns: 3379, Time: 00:06:33

Health: -11/23     AC:  3    Str: 10    XL:     4   Next: 59%
Magic:  6/6        EV: 18    Int: 12    God:
Gold:   159        SH:  0    Dex: 15    Spells: 3/3 levels left

rFire    . . .     SeeInvis +   s - +2 dagger (venom)
rCold    . . .     Gourm    .   (shield restricted)
rNeg     . . .     Faith    .   e - +0 robe
rPois    .         Spirit   .   (helmet restricted)
rElec    .         Reflect  .   q - +0 cloak
rCorr    .         Harm     .   (gloves unavailable)
MR       .....                  (boots unavailable)
Stlth    +++.......             (no amulet)
HPRegen  0.07/turn              x - ring of flight
MPRegen  0.10/turn              (no ring)

@: very quick
A: very small, unfitting armour, see invisible, herbivore, speed 3, slow
metabolism 2
a: Evoke Flight


You were on level 1 of the Abyss.
You were not hungry.

You visited 1 branch of the dungeon, and saw 3 of its levels.
You visited the Abyss 1 time.

You collected 159 gold pieces.

Inventory:

Hand Weapons
 a - a +2 dagger
 s - a +2 dagger of venom (weapon)
 D - a +0 hunting sling
Missiles
 b - 3 curare-tipped darts (quivered)
 c - 27 poisoned darts
 h - 73 stones
 m - 25 bolts
 t - 2 throwing nets
 A - 17 arrows
Armour
 e - a +0 robe (worn)
 q - a +0 cloak (worn)
Magical Staves
 y - an uncursed staff of earth {unknown}
Jewellery
 x - a ring of flight (left hand)
 B - an uncursed ring of flight
Wands
 C - a wand of acid (8)
Scrolls
 g - 3 scrolls of amnesia {unknown}
 i - a scroll of fog {unknown}
 k - 2 scrolls of random uselessness {unknown}
 l - 6 scrolls of identify {unknown}
 n - a scroll of remove curse {unknown}
 w - a scroll of fear {unknown}
 z - a scroll of magic mapping {unknown}
Potions
 d - 3 potions of magic {unknown}
 j - 2 potions of haste {unknown}
 o - a potion of brilliance {unknown}
 p - a potion of invisibility {unknown}
 r - 2 potions of lignification {unknown}
 u - a potion of heal wounds {unknown}
 v - a potion of resistance {unknown}
 E - a potion of flight {unknown}
Comestibles
 f - 7 rations


   Skills:
 + Level 2.2 Fighting
 + Level 3.9(4.2) Short Blades
   Level 1.5(2.4) Long Blades
 - Level 1.0 Throwing
 + Level 3.3 Dodging
 * Level 4.1 Stealth
 - Level 1.3 Evocations


You had 3 spell levels left.
You didn't know any spells.
Your spell library was empty.

Dungeon Overview and Level Annotations

Branches:
Dungeon (3/15)

Altars:
Dithmenos
Fedhas
Kikubaaqudgha
Qazlal
Yredelemnul

Annotations:
D:3 Sigmund


Innate Abilities, Weirdness & Mutations

You are very small and have problems with some larger weapons.
You are too small for most types of armour.
You have supernaturally acute eyesight. (SInv)
You are a herbivore.
You cover ground extremely quickly.
You need to consume almost no food.


Message History

A large abomination comes into view.
Found a cyan potion.
Found a scroll labeled REZISE CEOPRU.
You see here a cyan potion.
E - a cyan potion A quasit and a thrashing horror come into view.
The thrashing horror roars!
The quasit gives a chilling moan.
Found a plate armour.
The thrashing horror tramples you!
Ouch! That really hurt!
You stumble backwards!
The thrashing horror tramples you.
* * * LOW HITPOINT WARNING * * *
You stumble backwards!
You see here a plate armour.
The thrashing horror misses you.
The thrashing horror completely misses you.
The thrashing horror tramples you!
Ouch! That really hurt!
You die...

##..# .5. #. ..
.#.. #.# .##.
.#..#.# ...#.##
.##..#####.##.#.#
##.###...#.# #..#
.
#.##...5####.####
.
#######...[.#..##
#.. ######X#..#
### ##@# #.# ###


You could see a thrashing horror.

Vanquished Creatures
  An orc priest (D:3)
  An adder (D:2)
  2 worms (D:3)
  2 leopard geckos
  3 orcs (D:3)
  A ball python (D:1)
  2 giant cockroaches (D:2)
  5 goblins
  8 hobgoblins
  6 jackals (D:1)
  4 bats
  7 frilled lizards
  8 kobolds
  7 rats
57 creatures vanquished.

Notes
Turn   | Place    | Note
-------+----------+-------------------------------------------
     0 | D:1      | Descartes the Spriggan Wanderer began the quest for the
                  | Orb.
     0 | D:1      | Descartes set off with the following items: a +2 dagger, 3
                  | curare-tipped darts, a potion of curing, a +0 short sword,
                  | a +0 robe, a ration
     0 | D:1      | Reached XP level 1. HP: 10/10 MP: 3/3
   146 | D:1      | Reached skill level 1 in Stealth
   230 | D:1      | Reached XP level 2. HP: 7/15 MP: 4/4
   497 | D:1      | Reached skill level 2 in Stealth
   982 | D:2      | Reached XP level 3. HP: 18/18 MP: 5/5
  1103 | D:2      | Reached skill level 3 in Stealth
  1645 | D:2      | Found a stormy altar of Qazlal.
  1742 | D:2      | Found a blossoming altar of Fedhas.
  1955 | D:2      | Found a shadowy altar of Dithmenos.
  1961 | D:2      | Found a basalt altar of Yredelemnul.
  1967 | D:2      | Found an ancient bone altar of Kikubaaqudgha.
  2561 | D:3      | Reached XP level 4. HP: 14/23 MP: 6/6
  2805 | D:3      | Reached skill level 4 in Stealth
  3174 | D:3      | Noticed Sigmund
  3177 | D:3      | Cast into level 1 of the Abyss (Sigmund)
  3196 | Abyss:1  | Noticed a thrashing horror
  3199 | Abyss:1  | Found a corrupted altar of Lugonu.
  3217 | Abyss:1  | Noticed a small abomination
  3226 | Abyss:1  | Found a corrupted altar of Lugonu.
  3296 | Abyss:1  | Noticed a hellwing
  3299 | Abyss:1  | Noticed a flying skull
  3323 | Abyss:1  | Noticed a smoke demon
  3337 | Abyss:1  | Noticed a large abomination
  3369 | Abyss:1  | Noticed a thrashing horror
  3379 | Abyss:1  | Mangled by a thrashing horror

Illustrated notes

Levels and vault maps discovered:
D:1:      roderic_dead_forest, layout_rooms, serial_bayou_pond_a
D:2:      layout_rooms, grunt_temple_overflow_forces_of_nature,
          grunt_temple_overflow_diamond, minmay_liquid_box
D:3:      layout_basic, first_ration, kennysheep_generic_room_7, uniq_sigmund
Abyss:1:  base:
D:1

Skill      XL: |  1  2  3  4 |
---------------+-------------+-----
Stealth        | 1 2 3 4 |  4.1
Dodging        | 2 3 |  3.3
Fighting       | 2 |  2.2
Short Blades   | |  3.9
Long Blades    | |  1.5
Throwing       | |  1.0
Evocations     | |  1.3

Action                   |  1- 3 |  4- 6 || total
-------------------------+-------+-------++-------
Melee: Dagger            |   184 |    24 ||   208
  Use: Potion            |     1 |       ||     1
 Stab: Sleeping          |     4 |       ||     4
Armor: Robe              |    10 |     1 ||    11
Dodge: Dodged            |   109 |    13 ||   122
